Map: Eternal Empire LE

Players

Astrea - Winner!

  • Race: Protoss Protoss
  • League: Master
  • Spawn Location: 1:00

Future

  • Race: Terran Terran
  • Spawn Location: 7:00

Event: DreamHack SC2 Masters 2020 Fall

VOD

Have the link to the VOD?

Description

Time

  • Played on: Sept. 1, 2020, 7:22 p.m.
  • Length: 15:35

All games in this series

Show
View Real Time Build Order
Export as new Build Order

Astrea Protoss - Winner!

Build Orders: 1 Gate Expand, Double Forge, Blink Stalkers 

Get SALT Encoding   

  12  0:00  Probe  
  13  0:12  Probe  
  14  0:17  Pylon  
  14  0:24  Probe (Chrono Boost)  
  16  0:36  Gateway, Probe (Chrono Boost)  
  16  0:43  Probe (Chrono Boost)  
  16  0:46  Assimilator  
  17  0:50  Probe  
  18  1:03  Probe  
  19  1:15  Probe  
  20  1:23  Cybernetics Core  
  20  1:34  Nexus  
  20  1:36  Probe  
  21  1:42  Pylon  
  21  1:48  Probe  
  21  1:52  Assimilator  
  22  1:57  Adept (Chrono Boost)  
  22  2:00  Probe  
  25  2:03  Warp Gate  
  25  2:13  Probe  
  28  2:24  Sentry  
  28  2:27  Probe (Chrono Boost)  
  29  2:39  Probe (Chrono Boost)  
  30  2:44  Twilight Council  
  30  2:45  Probe (Chrono Boost)  
  30  2:47  Probe (Chrono Boost)  
  32  2:52  Stalker  
  32  2:56  Probe (Chrono Boost)  
  32  2:58  Probe (Chrono Boost)  
  36  3:01  Probe (Chrono Boost)  
  37  3:06  Probe  
  37  3:07  Gateway  
  37  3:12  Blink (Chrono Boost)  
  38  3:13  Pylon, Probe  
  38  3:18  Probe  
  40  3:25  Probe  
  41  3:30  Probe  
  41  3:33  Stalker  
  44  3:37  Probe  
  45  3:42  Probe  
  46  3:49  Probe  
  46  3:51  Nexus  
  46  3:54  Pylon  
  47  3:57  Probe  
  47  4:01  Probe  
  49  4:11  Probe  
  49  4:12  Stalker x2  
  49  4:13  Probe  
  55  4:22  Forge, Pylon  
  55  4:23  Probe  
  56  4:24  Forge  
  56  4:26  Probe  
  57  4:35  Probe  
  58  4:38  Probe  
  58  4:40  Pylon  
  59  4:45  Sentry  
  59  4:47  Probe  
  59  4:51  Gateway, Charge  
  59  4:52  Gateway  
  62  4:54  Protoss Ground Weapons Level 1 (Chrono Boost)  
  62  4:56  Probe  
  64  5:00  Probe  
  64  5:03  Protoss Ground Armor Level 1 (Chrono Boost)  
  64  5:05  Probe  
  64  5:06  Gateway  
  65  5:08  Gateway  
  65  5:10  Probe  
  65  5:12  Probe  
  67  5:21  Probe  
  67  5:23  Gateway x2  
  67  5:26  Probe x2  
  68  5:35  Probe  
  69  5:38  Probe  
  70  5:44  Stalker x2  
  70  5:47  Probe  
  70  5:48  Probe  
  76  5:50  Pylon, Probe  
  76  5:51  Zealot x2  
  81  6:00  Pylon x2  
  81  6:01  Robotics Facility  
  81  6:10  Zealot x3  
  81  6:11  Zealot  
  89  6:15  Zealot x2  
  93  6:18  Shield Battery  
  93  6:20  Pylon  
  93  6:24  Zealot x2  
  97  6:35  Stalker x4  
  97  6:39  Zealot x2  
  107  6:45  Zealot x2  
  111  7:01  Zealot x3  
  115  7:11  Stalker  
  115  7:13  Pylon  
  115  7:14  Pylon  
  117  7:17  Assimilator x2  
  117  7:20  Protoss Ground Armor Level 2 (Chrono Boost)  
  117  7:27  Nexus  
  117  7:28  Pylon  
  117  7:30  Protoss Ground Weapons Level 2 (Chrono Boost)  
  117  7:32  Probe x3  
  120  7:37  Observer (Chrono Boost)  
  120  7:38  Zealot x6  
  133  7:46  Pylon, Probe x3  
  136  7:52  Pylon  
  136  7:54  Observer  
  137  8:03  Pylon  
  137  8:04  Probe x3  
  140  8:08  Pylon  
  140  8:12  Pylon  
  140  8:16  Probe  
  140  8:19  Zealot x5, Robotics Bay, Probe  
  152  8:20  Zealot x2  
  152  8:21  Probe  
  152  8:26  Pylon  
  157  8:27  Pylon  
  157  8:29  Zealot  
  157  8:32  Probe  
  160  8:38  Photon Cannon  
  160  8:39  Shield Battery  
  160  8:42  Observer (Chrono Boost)  
  158  8:49  Stalker x2  
  158  8:50  Stalker x4  
  158  8:53  Probe  
  171  9:01  Probe x2  
  169  9:05  Zealot x2, Probe  
  155  9:10  Probe  
  155  9:13  Probe x2  
  143  9:17  Probe  
  143  9:22  Probe  
  143  9:26  Stalker x7  
  153  9:31  Colossus (Chrono Boost)  
  154  10:02  Robotics Facility, Zealot x8, Protoss Ground Weapons Level 3 (Chrono Boost)  
  170  10:09  Assimilator  
  170  10:14  Nexus  
  170  10:17  Colossus (Chrono Boost)  
  170  10:18  Pylon  
  176  10:31  Protoss Ground Armor Level 3 (Chrono Boost)  
  176  10:32  Shield Battery, Photon Cannon  
  175  10:48  Dark Shrine  
  175  10:50  Gateway  
  175  10:52  Zealot x8  
  175  10:53  Gateway  
  175  10:54  Gateway  
  175  10:56  Gateway  
  191  11:00  Photon Cannon  
  191  11:01  Shield Battery  
  189  11:10  Disruptor (Chrono Boost)  
  191  11:19  Disruptor (Chrono Boost), Zealot x4  
  193  11:34  Zealot x3  
  182  11:47  Pylon  
  182  11:48  Zealot x4, Pylon  
  182  11:49  Disruptor (Chrono Boost), Zealot x3  
  182  11:50  Pylon  
  182  11:52  Pylon  
  186  11:56  Observer  
  186  11:57  Disruptor (Chrono Boost)  
  186  11:58  Unknown  
  182  12:18  Disruptor (Chrono Boost), Shadow Stride (Chrono Boost)  
  182  12:19  Photon Cannon  
  188  12:32  Disruptor (Chrono Boost)  
  188  12:38  Nexus  
  188  12:43  Warp Prism (Chrono Boost)  
  190  12:45  Shield Battery, Photon Cannon  
  190  12:46  Dark Templar x6  
  190  12:48  Pylon  
  197  13:03  Dark Templar x2  
  193  13:19  Dark Templar x3  
  178  13:28  Zealot x7  
  177  14:02  Unknown  
  177  14:05  Photon Cannon  
  177  14:07  Shield Battery  
  175  14:14  Zealot x10  
  175  14:15  Zealot x2, Gravitic Drive (Chrono Boost)  
  199  14:18  Nexus  
  199  14:20  Pylon  
  197  14:39  Disruptor  
  185  15:08  Zealot x7  
  168  15:22  Dark Templar x5  
Show
View Real Time Build Order
Export as new Build Order

Future Terran 

Build Orders: Reaper Expand 

Get SALT Encoding   

  12  0:00  SCV  
  13  0:12  SCV  
  14  0:17  Supply Depot  
  14  0:24  SCV  
  15  0:38  SCV  
  15  0:40  Barracks  
  16  0:44  Refinery  
  16  0:50  SCV  
  17  1:03  SCV  
  18  1:15  SCV  
  19  1:27  Orbital Command, Reaper  
  20  1:41  Command Center  
  20  1:53  SCV  
  21  1:56  Supply Depot  
  21  1:59  Marine  
  22  2:05  SCV  
  23  2:11  Factory  
  23  2:18  SCV  
  23  2:21  Barracks Reactor  
  24  2:23  Bunker  
  24  2:30  SCV  
  24  2:32  Refinery  
  25  2:42  SCV  
  26  2:56  Hellion  
  28  3:00  Orbital Command, Starport  
  28  3:01  SCV  
  28  3:03  Marine x2  
  30  3:13  SCV  
  30  3:16  Barracks  
  30  3:17  Factory Tech Lab  
  31  3:21  Marine  
  31  3:25  SCV  
  31  3:26  SCV  
  34  3:29  Marine  
  35  3:38  SCV x2  
  35  3:40  Barracks  
  37  3:42  Raven  
  37  3:44  Factory Tech Lab  
  39  3:50  SCV  
  39  3:51  SCV  
  39  3:52  Supply Depot  
  39  3:55  Marine x2  
  43  4:02  SCV  
  44  4:03  SCV  
  44  4:06  Engineering Bay  
  45  4:10  Stimpack  
  45  4:14  SCV  
  45  4:15  SCV  
  47  4:17  Supply Depot  
  47  4:22  Refinery  
  47  4:26  SCV  
  47  4:27  SCV, Marine x3  
  52  4:32  Combat Shield  
  52  4:38  SCV  
  53  4:39  SCV  
  53  4:40  Supply Depot  
  53  4:41  Terran Infantry Weapons Level 1  
  52  4:47  Refinery  
  52  4:50  SCV, Starport Reactor  
  52  4:51  SCV  
  54  4:53  Supply Depot  
  54  4:54  Marine  
  54  4:55  Marine  
  54  4:56  Marauder  
  54  4:57  Marauder  
  60  5:01  Factory Reactor  
  60  5:02  SCV  
  60  5:03  SCV  
  62  5:07  Supply Depot  
  62  5:13  Marine x2  
  64  5:14  SCV  
  64  5:15  SCV  
  64  5:17  Supply Depot, Marine  
  64  5:18  Marine  
  68  5:31  Supply Depot, Marine x2  
  68  5:35  Marauder  
  72  5:36  Medivac x2, Marauder  
  72  5:38  Widow Mine x2  
  82  5:46  Supply Depot  
  82  5:50  Marine x2  
  82  5:51  Concussive Shells  
  82  5:56  Marauder, Supply Depot  
  86  5:57  Marauder  
  88  6:06  SCV x2  
  89  6:15  Marine x2  
  89  6:18  Marauder  
  93  6:19  Marauder  
  93  6:21  Medivac  
  93  6:22  Medivac, Supply Depot  
  103  6:25  Widow Mine x2  
  103  6:27  Command Center  
  103  6:39  Terran Infantry Armor Level 1  
  101  6:40  Barracks  
  101  6:41  Barracks  
  101  6:42  SCV x2  
  103  6:51  Marauder  
  103  6:54  Marauder  
  103  6:56  Marine x2  
  107  7:02  Medivac x2  
  107  7:05  SCV x2  
  107  7:07  Widow Mine  
  108  7:11  Widow Mine  
  97  7:17  SCV  
  97  7:18  SCV  
  97  7:22  Marauder x2, Marine x2  
  105  7:28  Barracks Tech Lab, Barracks Reactor  
  106  7:30  SCV x2  
  106  7:31  Armory, Engineering Bay  
  107  7:41  Widow Mine x2  
  107  7:42  Missile Turret, SCV x2  
  107  7:43  Missile Turret  
  113  7:52  Marauder x3, Marine x2  
  113  7:54  SCV x2  
  113  7:57  Orbital Command  
  123  8:04  Medivac x2  
  127  8:06  SCV x2  
  127  8:07  Bunker  
  127  8:11  Marine x4  
  133  8:18  SCV x2  
  135  8:21  Marauder  
  135  8:22  Marauder x2  
  141  8:29  Supply Depot  
  141  8:30  Supply Depot x2  
  141  8:34  Marine  
  141  8:35  Marine  
  141  8:37  Marine x2  
  141  8:39  Terran Infantry Weapons Level 2  
  145  8:43  Marauder x2  
  145  8:44  Terran Infantry Armor Level 2  
  145  8:48  Widow Mine x2  
  153  8:50  Viking  
  144  9:04  Marauder x2, Marine x3  
  144  9:05  Marine  
  146  9:15  Widow Mine x2  
  143  9:20  Marauder  
  143  9:22  Marine x2  
  143  9:25  Marauder  
  143  9:33  Marauder  
  143  9:35  Ghost Academy  
  143  9:38  Widow Mine x2, Refinery  
  143  9:39  Refinery  
  143  9:41  Marine  
  143  9:42  Marauder, Marine x2  
  148  9:48  Marine  
  148  9:49  Marauder  
  148  9:50  Medivac x2  
  147  10:01  Command Center  
  147  10:08  Ghost x2  
  147  10:09  Marine x3  
  147  10:10  Ghost, Marine  
  147  10:12  Terran Ship Weapons Level 1  
  147  10:14  Enhanced Shockwaves  
  157  10:18  Missile Turret  
  157  10:24  Viking  
  157  10:25  Viking  
  161  10:29  Supply Depot x2  
  161  10:30  Missile Turret  
  161  10:36  Missile Turret  
  161  10:38  Marine x2  
  161  10:39  Marine  
  161  10:41  Marine  
  165  10:52  Ghost x3  
  171  10:57  Marine x3  
  171  10:58  Marine  
  171  10:59  Medivac x2  
  172  11:15  Marine x3  
  172  11:16  Marine  
  174  11:21  Marauder  
  174  11:22  Marauder x2  
  180  11:29  Viking x2  
  176  11:35  Marine x2  
  172  11:43  Marauder  
  172  11:45  Marine  
  169  11:49  Barracks  
  169  11:50  Barracks  
  169  11:51  Barracks, Planetary Fortress  
  165  11:56  SCV x3  
  165  11:59  Viking x2  
  172  12:08  SCV x3  
  172  12:10  Marine x2  
  175  12:20  SCV x2  
  175  12:21  SCV  
  178  12:29  Marauder, Marine  
  182  12:30  Marauder x2, Marine x2  
  182  12:33  Marine  
  182  12:35  Medivac, Widow Mine x2  
  192  12:37  SCV x2  
  192  12:42  SCV  
  192  12:43  SCV  
  177  12:52  Marauder x2  
  177  12:53  Barracks Tech Lab x3  
  181  13:03  SCV x2  
  184  13:12  Marauder  
  181  13:14  Marauder x2  
  181  13:17  Marine  
  181  13:18  Marine x2  
  181  13:19  Medivac  
  169  13:20  Marauder  
  157  13:35  Marauder x3, Marine x2  
  157  13:36  Marine  
  161  13:46  Orbital Command  
  161  13:49  Marauder  
  161  13:50  Marauder  
  161  13:55  Marine x2  
  159  14:18  Supply Depot  
  159  14:26  Marauder x3  
  159  14:30  Marauder  
  162  14:45  Marauder x2  
  151  14:57  Marauder  
  151  14:58  Marauder  
  136  15:13  Marauder  

Tags
 
Add a new tag
Caveats
  • Supply blocks, unpowered buildings, or Contaminate may cause inaccurate times.
  • Supply counts are checked every 10 seconds.